 Dungeon Crawl Stone Soup version 0.27-a0-328-g7f782ed93a (webtiles) character file.

Game seed: 7129477483502981728

39 mecharm the Ducker (level 3, -1/28 HPs)
             Began as a Human Gladiator on Feb 11, 2021.
             Slain by a gnoll
             ... wielding a +0 halberd
              (10 damage)
             ... on level 3 of the Dungeon.
             The game lasted 00:04:10 (1113 turns).

mecharm the Ducker (Human Gladiator)                Turns: 1113, Time: 00:04:11

Health: -1/28      AC:  6    Str: 15    XL:     3   Next: 70%
Magic:  3/3        EV: 12    Int:  8    God:
Gold:   152        SH:  0    Dex: 14    Spells: 2/2 levels left

rFire    . . .     SeeInvis .   a - +0 trident
rCold    . . .     Faith    .   (no shield)
rNeg     . . .     Spirit   .   j - +0 ring mail
rPois    .         Reflect  .   c - +0 helmet
rElec    .         Harm     .   (no cloak)
rCorr    .         Rampage  .   (no gloves)
Will     .....                  (no boots)
Stlth    +.........             (no amulet)
HPRegen  0.09/turn              (no ring)
MPRegen  0.08/turn              (no ring)

@: no status effects
A: no striking features
a: no special abilities


You were on level 3 of the Dungeon.
You visited 1 branch of the dungeon, and saw 3 of its levels.

You collected 152 gold pieces.

Inventory:

Hand Weapons
 a - a +0 trident (weapon)
Missiles
 d - 3 throwing nets (quivered)
Armour
 b - a +0 leather armour
 c - a +0 helmet (worn)
 j - a +0 ring mail (worn)
Jewellery
 h - an amulet of magic regeneration {unknown}
Scrolls
 f - a scroll of teleportation {unknown}
 k - a scroll of enchant weapon {unknown}
Potions
 e - a potion of mutation {unknown}
 g - a potion of heal wounds {unknown}
 i - a potion of lignification {unknown}
 l - a potion of curing {unknown}


   Skills:
 + Level 2.5 Fighting
 + Level 3.3 Polearms
 - Level 2.1 Throwing
 + Level 1.0 Armour
 + Level 3.4 Dodging


You had 2 spell levels left.
You didn't know any spells.
Your spell library was empty.

Dungeon Overview and Level Annotations

Branches:
Dungeon (2/15)

Altars:


Message History

Found a spear.
You now have 135 gold pieces (gained 12).
Found a pair of boots.
You now have 152 gold pieces (gained 17).
A gnoll comes into view.
A gnoll comes into view. It is wielding a +0 halberd.
The gnoll shouts!
You hear a shout!
A gnoll comes into view. It is wielding a +0 halberd.
Found 8 gold pieces.
You reach to attack!
You hit the gnoll but do no damage. You hit the gnoll.
The gnoll is lightly wounded.
The gnoll misses you.
You barely miss the gnoll.
The gnoll is lightly wounded.
The gnoll barely misses you.
You closely miss the gnoll.
The gnoll is lightly wounded.
The gnoll hits you but does no damage.
You closely miss the gnoll.
The gnoll is lightly wounded.
The gnoll hits you.
The gnoll hits you from afar with a +0 halberd.
You hit the gnoll.
The gnoll is moderately wounded.
The gnoll barely misses you. The gnoll hits you but does no damage.
The gnoll barely misses you.
The gnoll hits you from afar with a +0 halberd.
You closely miss the gnoll.
The gnoll is moderately wounded.
The gnoll hits you but does no damage.
The gnoll hits you from afar with a +0 halberd!
The gnoll closely misses you.
You hit the gnoll.
The gnoll is severely wounded.
The gnoll hits you but does no damage.
You hit the gnoll but do no damage.
The gnoll is severely wounded.
The gnoll hits you from afar with a +0 halberd!
You die...

######### #.......#
####### #.#####.###
#...... #.g@...#
#.#####
#g##.#.#######.#####
#.##..............##
..g...#.#######......
##.####.# #.##.## #..
..#######...... #.#
###........##.## #.#
#........##.## .$.
.........##...


You could see 2 gnolls.

Vanquished Creatures
  An ooze (D:1)
  2 leopard geckos (D:1)
  2 giant cockroaches (D:1)
  4 goblins (D:1)
  7 hobgoblins (D:1)
  4 jackals (D:1)
  A bat (D:1)
  2 frilled lizards (D:1)
  5 kobolds (D:1)
  2 rats (D:1)
30 creatures vanquished.

Notes
Turn   | Place    | Note
-------+----------+-------------------------------------------
     0 | D:1      | mecharm the Human Gladiator began the quest for the Orb.
     0 | D:1      | Reached XP level 1. HP: 16/16 MP: 1/1
   165 | D:1      | Reached XP level 2. HP: 22/22 MP: 2/2
   382 | D:1      | Reached XP level 3. HP: 28/28 MP: 3/3
   641 | D:1      | Reached skill level 1 in Armour
  1055 | D:2      | You fall into a shaft and drop 1 floor!
  1113 | D:3      | Slain by a gnoll

Illustrated notes

Levels and vault maps discovered:
D:1:      lemuel_arrival_room, layout_loops_ring
D:2:      layout_loops_cross, uniq_sigmund
D:3:      layout_loops_cross, chequers_ecumenical_altar_island

Skill      XL: |  1  2  3 |
---------------+----------+-----
Armour         | 1 |  1.0
Fighting       | |  2.5
Polearms       | |  3.3
Throwing       | |  2.1
Dodging        | |  3.4

Action                   || total
-------------------------++-------
Melee: Trident           ||    99
 Stab: Sleeping          ||     3
Armor: Leather armour    ||    21
       Ring mail         ||     3
Dodge: Dodged            ||    60

Table legend: (Time is in decaauts)
 A = Elapsed time spent in this place.
 B = Non-inter-level travel time spent in this place.
 C = Inter-level travel time spent in this place.
 D = Time resting spent in this place.
 E = Time spent auto-exploring this place.
 F = Levels seen in this place.
 G = Mean time per level.
                   A        B        C        D        E       F      G
               +--------+--------+--------+--------+--------+-----+--------+
         Total |   1125 |   1093 |     32 |      0 |    861 |   3 |  375.0 |
       Dungeon |   1125 |   1093 |     32 |      0 |    861 |   3 |  375.0 |
               +--------+--------+--------+--------+--------+-----+--------+

Top non-repeatable levels by time:
     D:1: 997 daAuts
     D:2: 69 daAuts
     D:3: 58 daAuts
